 Dungeon Sprint DCSS version 0.14.1-3-gd16b60d (webtiles) character file.

12500000 BlueCrake the Axe Maniac (level 27, -25/322 (323) HPs)
             Began as a Demonspawn Warper on May 19, 2014.
             Was the Champion of Makhleb.
             Annihilated by a bag of meat
             ... wielding a +9,+9 war axe
              (26 damage)
             ... in the Dungeon (Sprint VIII: "Arena of Blood").
             The game lasted 00:08:25 (125 turns).

BlueCrake the Axe Maniac (Demonspawn Warper)         Turns: 125, Time: 00:08:25

HP -25/322 (323) AC 10     Str 10 (12) XL: 27
MP   0/49        EV 19     Int 14      God: Makhleb [******]
Gold 0           SH  0     Dex 26      Spells:  1 memorised, 79 levels left

rFire  + . .     SeeInvis +     m - +∞ Axe of Woe
rCold  . . .     Clarity  .     b - +0 leather armour
rNeg   . . .     Conserve .     (no shield)
rPois  .         rCorr    +     (no helmet)
rElec  .         rRot     .     (no cloak)
SustAb . .       Spirit   +     (gloves unavailable)
rMut   .         Warding  .     (no boots)
Saprov . . .     NoTele   +     (no amulet)
MR     ++...                    (no ring)
                                n - ring of see invisible

@: lethally poisoned, very slightly contaminated, held, slowed, drained, very
slow, very resistant to hostile enchantments, incredibly stealthy
A: claws 3, yellow scales 3, conserve scrolls, fire resistance 1, ignite blood,
robust 3, magic shield, magic regeneration, magic link
a: Minor Destruction, Lesser Servant of Makhleb, Major Destruction, Greater
Servant of Makhleb, Renounce Religion


You were in the Dungeon.
You worshipped Makhleb.
Makhleb was exalted by your worship.
You were not hungry.

You visited 1 branch

Inventory:

Hand weapons
 a - a +0,+0 hand axe
 m - the +∞,+∞ Axe of Woe (weapon)
   (You found it in the Dungeon)
Missiles
 e - 15 darts (quivered)
 f - 10 darts of dispersal
Armour
 b - a +0 leather armour (worn)
Comestibles
 g - a bread ration
Jewellery
 n - a ring of see invisible (left claw)
Potions
 i - a potion of heal wounds
 j - a potion of haste
 k - 2 potions of magic
 l - a potion of berserk rage
Books
 c - a book of Spatial Translocations

   Spells                             Type                      Level
   *Apportation                       Translocation                1
   Blink                              Translocation                2
   Shroud of Golubria                 Charms/Translocation         2
   Portal Projectile                  Translocation                3
   Teleport Other                     Translocation                3
   Passage of Golubria                Translocation                4


   Skills:
 O Level 27(25.5) Fighting
 O Level 27(25.5) Axes
 O Level 27(25.5) Throwing
 O Level 27(25.5) Armour
 O Level 27(25.5) Dodging
 O Level 27(25.5) Stealth
 O Level 27(25.5) Unarmed Combat
 O Level 27(25.5) Spellcasting
 O Level 27(25.5) Translocations
 O Level 27(25.5) Invocations


You had 79 spell levels left.
You knew the following spells:

 Your Spells              Type           Power        Failure   Level  Hunger
a - Apportation           Tloc           ######....   0%          1    None


Dungeon Overview and Level Annotations

Branches:
Dungeon (1/1)

Altars:
Makhleb

Annotations:
D The Captor


Innate Abilities, Weirdness & Mutations

You have claws for hands.
You are completely covered in yellow scales (AC +4, rCorr).
You are very good at protecting items from fire.
Your flesh is heat resistant.
Your demonic aura causes spilled blood to erupt in flames.
You are extremely robust (+30% HP).
When hurt, damage is shared between your health and your magic reserves.
You regenerate magic rapidly.
When low on magic, you restore magic in place of health.


Message History

You are engulfed in poison gas.
You are more poisoned.
* * * LOW HITPOINT WARNING * * *
x2 You feel very sick.
The bag of meat struggles to get unstuck from the web.
You hear a shout! x2
The scourge is engulfed in poison gas.
The scourge is poisoned.
You hear a shout!
The dread hits you. The dread drains your vigor!
You feel yourself slow down.
The Captor is engulfed in poison gas.
The Captor looks even sicker.
The dread calls on the powers of darkness!
The fleshlord convulses!
The eight-headed meat hydra convulses!
The scourge convulses!
The Captor convulses!
The bag of meat convulses!
You feel a surge of unholy energy.
The bag of meat convulses!
The bag of meat is engulfed in poison gas.
The bag of meat looks even sicker.
The dread hits you but does no damage.
The tyrant gestures wildly while chanting.
The tyrant seems to speed up.
The bag of meat is poisoned.
The bag of meat hits you with a +9,+9 war axe!
You die...

#... #.. ...#
#......###.. ...###.
.............###...... .
....#........_....... ..
.#.......#.....# .o.
###..........#_.<._#....
#....#.%§§...#.....#....
.......o#W§.....)_.......
.DS%L..o@o@§SL..###......
.XX...%pW§§###...))..###.
DXXp...§§§).#..%))%.# ..
....@....§))#.o))...#...
...#...D.%))W.%.........
.#.#.#S.))....%........
.#.#..%.)..%%))......#
.#.#....))))))....##.
#S#.....#))).)...#...


You could see 2 tyrants, 3 eight-headed meat hydras, 3 scourges, a fleshlord, 4
large abominations, 2 lost souls, 3 dreads, The Captor and 3 bags of meat.

Vanquished Creatures
  3 great orbs of eyes (D)
  6 greater mummies (D)
  6 hell beasts (D)
  7 hill giants (D)
  2 hydras (D)
  9 liches (D)
  24 ogres (D)
  52 orcs (D)
  4 phantoms (D)
  A skeletal warrior (D)
  14 vampire knights (D)
  3 wraiths (D)
  2 sea snakes (D)
  6 tentacled monstrosities (D)
  5 small abominations (D)
  10 large abominations (D)
  2 crawling corpses (D)
156 creatures vanquished.

Vanquished Creatures (others)
  5 crawling corpses (D)
5 creatures vanquished.

Grand Total: 161 creatures vanquished

Notes
Turn   | Place    | Note
--------------------------------------------------------------
     0 | D        | BlueCrake, the Demonspawn Warper, began the quest for the Orb.
     0 | D        | Reached XP level 1. HP: 16/16 MP: 3/3
     3 | D        | Noticed a meat berserker
     4 | D        | Noticed a bag of meat
     4 | D        | Became a worshipper of Makhleb the Destroyer
     5 | D        | Killed a meat berserker
     5 | D        | Reached skill level 9 in Fighting
     5 | D        | Reached skill level 10 in Spellcasting
     5 | D        | Reached skill level 17 in Translocations
     5 | D        | Gained mutation: You are partially covered in yellow scales (AC +2). [demonic ancestry]
     5 | D        | Reached XP level 2. HP: 10/35 MP: 3/16
     5 | D        | Reached XP level 3. HP: 11/41 MP: 3/18
     5 | D        | Gained mutation: You have sharp fingernails. [demonic ancestry]
     5 | D        | Reached XP level 4. HP: 12/47 MP: 3/21
     5 | D        | Reached XP level 5. HP: 13/53 MP: 3/22
     5 | D        | Reached XP level 6. HP: 14/60 MP: 3/24
     5 | D        | Gained mutation: You are mostly covered in yellow scales (AC +3). [demonic ancestry]
     5 | D        | Reached XP level 7. HP: 15/65 MP: 3/25
     5 | D        | Reached XP level 8. HP: 16/72 MP: 3/27
     5 | D        | Reached XP level 9. HP: 17/78 MP: 3/28
     5 | D        | Reached XP level 10. HP: 18/85 MP: 3/29
     5 | D        | Gained mutation: You are very good at protecting items from fire. [demonic ancestry]
     5 | D        | Reached XP level 11. HP: 19/90 MP: 3/30
     7 | D        | Noticed a bag of meat
     7 | D        | Noticed a bag of meat
     7 | D        | Noticed a bag of meat
     8 | D        | Noticed a bag of meat
     8 | D        | Noticed a bag of meat
     8 | D        | Killed a bag of meat
     8 | D        | Acquired Makhleb's first power
     8 | D        | Gained mutation: When hurt, damage is shared between your health and your magic reserves. [demonic ancestry]
     8 | D        | Reached XP level 12. HP: 20/97 MP: 3/31
     9 | D        | Noticed a bag of meat
     9 | D        | Noticed a large bag of meat
     9 | D        | Noticed a meat berserker
    11 | D        | Noticed a bag of meat
    11 | D        | Killed a bag of meat
    11 | D        | Reached skill level 20 in Axes
    11 | D        | Gained mutation: Your flesh is heat resistant. [demonic ancestry]
    11 | D        | Reached XP level 13. HP: 22/103 MP: 4/31
    12 | D        | Noticed a bag of meat
    12 | D        | Killed a bag of meat
    12 | D        | Reached skill level 23 in Axes
    12 | D        | Killed a bag of meat
    12 | D        | Acquired Makhleb's second power
    12 | D        | Reached skill level 25 in Axes
    12 | D        | Reached XP level 14. HP: 24/109 MP: 4/32
    13 | D        | Noticed a meat berserker
    13 | D        | Killed a bag of meat
    13 | D        | Reached skill level 26 in Axes
    13 | D        | Killed a meat berserker
    13 | D        | Reached skill level 27 in Axes
    13 | D        | Reached XP level 15. HP: 111/124 MP: 4/33
    14 | D        | Noticed a bag of meat
    14 | D        | Noticed a meat berserker
    14 | D        | Noticed a bag of meat
    15 | D        | Killed a bag of meat
    15 | D        | Acquired Makhleb's third power
    15 | D        | Reached skill level 15 in Fighting
    15 | D        | Killed a bag of meat
    16 | D        | Noticed a meat berserker
    16 | D        | Killed a bag of meat
    16 | D        | Killed a large bag of meat
    16 | D        | Acquired Makhleb's fourth power
    16 | D        | Gained mutation: You regenerate magic rapidly. [demonic ancestry]
    16 | D        | Reached XP level 16. HP: 119/152 MP: 3/34
    17 | D        | Noticed a meat berserker
    18 | D        | Noticed a bag of meat
    18 | D        | Killed a bag of meat
    19 | D        | Noticed a bag of meat
    19 | D        | Killed a meat berserker
    19 | D        | Killed a meat berserker
    20 | D        | Noticed a bag of meat
    20 | D        | Killed a meat berserker
    20 | D        | Acquired Makhleb's fifth power
    20 | D        | Gained mutation: You have very sharp fingernails. [demonic ancestry]
    20 | D        | Reached XP level 17. HP: 166/171 MP: 5/34
    21 | D        | Noticed a bag of meat
    21 | D        | Killed a bag of meat
    21 | D        | Reached skill level 27 in Fighting
    21 | D        | Killed a meat berserker
    22 | D        | Noticed a bag of meat
    22 | D        | Noticed a destroyer
    22 | D        | Noticed a large bag of meat
    23 | D        | Noticed a bag of meat
    23 | D        | Noticed a bag of meat
    24 | D        | Noticed a bag of meat
    24 | D        | Noticed a bag of meat
    24 | D        | Noticed a destroyer
    25 | D        | Noticed a meat berserker
    25 | D        | Noticed a meat berserker
    26 | D        | Noticed a meat berserker
    26 | D        | Noticed a destroyer
    26 | D        | Killed a bag of meat
    26 | D        | Reached skill level 27 in Dodging
    26 | D        | Killed a bag of meat
    26 | D        | Killed a bag of meat
    26 | D        | Reached XP level 18. HP: 182/182 MP: 5/35
    26 | D        | Killed a bag of meat
    27 | D        | Noticed a destroyer
    28 | D        | Noticed a bag of meat
    28 | D        | Noticed a destroyer
    28 | D        | Noticed a bag of meat
    28 | D        | Killed a bag of meat
    28 | D        | Killed a bag of meat
    28 | D        | Killed a bag of meat
    28 | D        | Reached skill level 27 in Stealth
    28 | D        | Reached skill level 1 in Unarmed Combat
    28 | D        | Killed a bag of meat
    28 | D        | Reached skill level 5 in Unarmed Combat
    29 | D        | Noticed a bag of meat
    29 | D        | Noticed a large bag of meat
    29 | D        | Killed a bag of meat
    29 | D        | Reached skill level 10 in Invocations
    29 | D        | Gained mutation: You are completely covered in yellow scales (AC +4, rCorr). [demonic ancestry]
    29 | D        | Reached XP level 19. HP: 189/189 MP: 4/37
    29 | D        | Killed a destroyer
    30 | D        | Noticed a bag of meat
    31 | D        | Noticed a bag of meat
    31 | D        | Noticed an eight-headed meat hydra
    31 | D        | Noticed an eight-headed meat hydra
    31 | D        | Killed a meat berserker
    31 | D        | Reached skill level 10 in Throwing
    31 | D        | Reached skill level 10 in Armour
    31 | D        | Reached skill level 10 in Unarmed Combat
    31 | D        | Killed a destroyer
    31 | D        | Reached skill level 15 in Invocations
    31 | D        | Killed a meat berserker
    31 | D        | Reached skill level 15 in Spellcasting
    31 | D        | Killed a destroyer
    31 | D        | Killed a meat berserker
    31 | D        | Gained mutation: You have claws for hands. [demonic ancestry]
    31 | D        | Reached XP level 20. HP: 197/197 MP: 2/41
    32 | D        | Killed a bag of meat
    33 | D        | Killed a nine-headed meat hydra
    33 | D        | Killed a destroyer
    33 | D        | Reached skill level 15 in Throwing
    33 | D        | Reached skill level 15 in Armour
    33 | D        | Reached skill level 15 in Unarmed Combat
    34 | D        | Noticed a bag of meat
    35 | D        | Noticed a meat berserker
    36 | D        | Killed a bag of meat
    36 | D        | Killed a bag of meat
    38 | D        | Noticed a bag of meat
    38 | D        | Killed a bag of meat
    39 | D        | Noticed a destroyer
    39 | D        | Noticed a destroyer
    39 | D        | Killed a large bag of meat
    39 | D        | Killed a bag of meat
    40 | D        | Noticed a meat berserker
    40 | D        | Killed a bag of meat
    40 | D        | Killed a nine-headed meat hydra
    40 | D        | Killed a meat berserker
    41 | D        | Noticed a bag of meat
    41 | D        | Noticed a destroyer
    41 | D        | Noticed a large bag of meat
    42 | D        | Noticed a bag of meat
    42 | D        | Noticed a destroyer
    42 | D        | Noticed a large bag of meat
    43 | D        | Noticed a meat berserker
    43 | D        | Killed a bag of meat
    43 | D        | Killed a destroyer
    43 | D        | Killed a meat berserker
    44 | D        | Noticed a destroyer
    44 | D        | Noticed a bag of meat
    44 | D        | Noticed a bag of meat
    44 | D        | Noticed a destroyer
    44 | D        | Killed a destroyer
    44 | D        | Killed a destroyer
    44 | D        | Gained mutation: You are robust (+10% HP). [demonic ancestry]
    44 | D        | Reached XP level 21. HP: 197/224 MP: 4/43
    45 | D        | Killed a destroyer
    46 | D        | Noticed a bag of meat
    46 | D        | Noticed a bag of meat
    47 | D        | Noticed a tyrant
    47 | D        | Killed a tyrant
    48 | D        | Noticed a bag of meat
    48 | D        | Killed a meat berserker
    49 | D        | Killed a bag of meat
    49 | D        | Killed a large bag of meat
    49 | D        | Reached skill level 27 in Invocations
    49 | D        | Killed a bag of meat
    50 | D        | Noticed a meat berserker
    50 | D        | Noticed a meat berserker
    50 | D        | Noticed a tyrant
    52 | D        | Killed a destroyer
    52 | D        | Killed a bag of meat
    52 | D        | Gained mutation: You are very robust (+20% HP). [demonic ancestry]
    52 | D        | Reached XP level 22. HP: 224/254 MP: 8/45
    52 | D        | Killed a large bag of meat
    53 | D        | Noticed a meat berserker
    53 | D        | Killed a meat berserker
    54 | D        | Noticed an accursed
    54 | D        | Noticed an accursed
    54 | D        | Killed a meat berserker
    54 | D        | Killed a destroyer
    54 | D        | Reached skill level 27 in Translocations
    54 | D        | Killed a destroyer
    55 | D        | Noticed a destroyer
    56 | D        | Killed a meat berserker
    56 | D        | Killed a bag of meat
    57 | D        | Noticed a bag of meat
    58 | D        | Noticed a meat berserker
    58 | D        | Noticed a bag of meat
    58 | D        | Noticed a bag of meat
    58 | D        | Noticed an accursed
    58 | D        | Killed a tyrant
    58 | D        | Killed a destroyer
    58 | D        | Gained mutation: When low on magic, you restore magic in place of health. [demonic ancestry]
    58 | D        | Reached XP level 23. HP: 262/262 MP: 7/47
    58 | D        | Killed a bag of meat
    58 | D        | Reached skill level 27 in Spellcasting
    58 | D        | Killed a bag of meat
    59 | D        | Killed an accursed
    59 | D        | Reached skill level 27 in Throwing
    59 | D        | Reached skill level 27 in Armour
    59 | D        | Reached skill level 27 in Unarmed Combat
    59 | D        | Killed a bag of meat
    60 | D        | Noticed a meat berserker
    60 | D        | Noticed a tyrant
    60 | D        | Noticed a meat berserker
    60 | D        | Noticed a bag of meat
    60 | D        | Noticed a large bag of meat
    61 | D        | Noticed a bag of meat
    61 | D        | Noticed a dread
    61 | D        | Killed a meat berserker
    62 | D        | Killed a bag of meat
    64 | D        | Noticed a meat beast
    64 | D        | Killed a meat berserker
    64 | D        | Killed a bag of meat
    65 | D        | Noticed a dread
    65 | D        | Noticed a sculptor of flesh
    66 | D        | Noticed a large bag of meat
    66 | D        | Killed a bag of meat
    68 | D        | Noticed a bag of meat
    68 | D        | Noticed a bag of meat
    68 | D        | Noticed a meat berserker
    68 | D        | Killed a bag of meat
    68 | D        | Killed a large bag of meat
    68 | D        | Gained mutation: Your demonic aura causes spilled blood to erupt in flames. [demonic ancestry]
    68 | D        | Reached XP level 24. HP: 61/272 MP: 1/48
    68 | D        | Killed a meat beast
    68 | D        | Killed a meat berserker
    68 | D        | Killed a bag of meat
    68 | D        | Killed a dread
    70 | D        | Noticed a dread
    71 | D        | Noticed a bag of meat
    71 | D        | Killed a bag of meat
    71 | D        | Killed an accursed
    72 | D        | Noticed a bag of meat
    72 | D        | Noticed a bag of meat
    72 | D        | Noticed a meat beast
    72 | D        | Noticed a meat berserker
    72 | D        | Killed a large bag of meat
    72 | D        | Killed a dread
    73 | D        | Noticed a meat beast
    73 | D        | Killed a meat beast
    74 | D        | Killed a meat berserker
    75 | D        | Noticed a meat beast
    76 | D        | Noticed a bag of meat
    76 | D        | Noticed a bag of meat
    76 | D        | Killed a sculptor of flesh
    76 | D        | Killed a tyrant
    77 | D        | Killed a large bag of meat
    77 | D        | Gained mutation: You are extremely robust (+30% HP). [demonic ancestry]
    77 | D        | Reached XP level 25. HP: 272/304 MP: 5/49
    78 | D        | Killed a bag of meat
    78 | D        | Killed a meat berserker
    79 | D        | Noticed a lost soul
    79 | D        | Killed a bag of meat
    79 | D        | Killed a bag of meat
    79 | D        | Killed a meat beast
    80 | D        | Noticed a lost soul
    80 | D        | Killed an accursed
    80 | D        | Killed a bag of meat
    82 | D        | Noticed a lost soul
    82 | D        | Noticed a bag of meat
    82 | D        | Killed a bag of meat
    82 | D        | Killed a bag of meat
    83 | D        | Killed a bag of meat
    84 | D        | Killed a dread
    84 | D        | Killed a lost soul
    86 | D        | Noticed a meat berserker
    87 | D        | Noticed a lost soul
    87 | D        | Noticed an accursed
    88 | D        | Noticed a tyrant
    88 | D        | Killed a lost soul
    88 | D        | Killed a bag of meat
    90 | D        | Noticed a lost soul
    91 | D        | Noticed a bag of meat
    91 | D        | Killed an accursed
    91 | D        | Reached XP level 26. HP: 303/314 MP: 5/49
    91 | D        | Killed a meat berserker
    92 | D        | Noticed an observer
    92 | D        | Killed a lost soul
    93 | D        | Noticed a tyrant
    93 | D        | Noticed a meat beast
    94 | D        | Killed an observer
    96 | D        | Noticed an accursed
    96 | D        | Killed a meat beast
    96 | D        | Killed a meat beast
    97 | D        | Noticed a destroyer
    98 | D        | Noticed a bag of meat
    98 | D        | Killed a tyrant
    99 | D        | Noticed a tyrant
   100 | D        | Noticed an accursed
   100 | D        | Killed a bag of meat
   100 | D        | Killed an accursed
   100 | D        | Killed a tyrant
   101 | D        | Killed a lost soul
   103 | D        | Noticed a tyrant
   103 | D        | Killed a bag of meat
   106 | D        | Noticed a meat berserker
   106 | D        | Killed a tyrant
   106 | D        | Reached XP level 27. HP: 253/322 MP: 5/49
   108 | D        | Noticed a tyrant
   108 | D        | Noticed an observer
   109 | D        | Noticed a meat berserker
   109 | D        | Noticed a meat beast
   109 | D        | Noticed a lost soul
   110 | D        | Noticed a bag of meat
   111 | D        | Killed an accursed
   112 | D        | Noticed a bag of meat
   112 | D        | Noticed a destroyer
   113 | D        | Noticed a meat berserker
   113 | D        | Killed a meat berserker
   114 | D        | Noticed an observer
   114 | D        | Killed a meat berserker
   114 | D        | Killed a tyrant
   114 | D        | Killed a destroyer
   115 | D        | Killed a tyrant
   115 | D        | Killed a meat beast
   116 | D        | Noticed a meat berserker
   116 | D        | Noticed a dread
   116 | D        | Noticed a tyrant
   116 | D        | Noticed The Captor
   116 | D        | Noticed a dread
   117 | D        | Killed a destroyer
   118 | D        | Noticed a bag of meat
   118 | D        | Killed an observer
   118 | D        | Killed a bag of meat
   118 | D        | Killed a bag of meat
   119 | D        | Killed a tyrant
   120 | D        | Noticed a bag of meat
   120 | D        | Noticed a dread
   121 | D        | Noticed a bag of meat
   121 | D        | Killed a bag of meat
   121 | D        | Killed an observer
   122 | D        | Killed a meat berserker
   123 | D        | Noticed a bag of meat
   123 | D        | Noticed a bag of meat
   123 | D        | Noticed a tyrant
   124 | D        | Noticed a fleshlord
   124 | D        | HP: 13/322 [dread/torment (8)]
   125 | D        | Noticed a tyrant
   125 | D        | Noticed an eight-headed meat hydra
   125 | D        | Noticed an eight-headed meat hydra
   125 | D        | HP: 5/322 [scourge] (8)]
   125 | D        | HP: 1/322 [poisoned by a scourge (poison gas)]
   125 | D        | Annihilated by a bag of meat

Action                   |  1- 3 |  4- 6 |  7- 9 | 10-12 | 13-15 | 16-18 | 19-21 | 22-24 | 25-27 || total
-------------------------+-------+-------+-------+-------+-------+-------+-------+-------+-------++-------
Melee: Executioner's axe |       |       |       |     2 |     4 |     6 |     9 |    14 |    19 ||    54
 Cast: Apportation       |       |       |       |       |       |       |     1 |       |       ||     1
  Use: Potion            |       |       |       |       |       |       |       |       |     1 ||     1
       Scroll            |       |       |       |       |       |       |       |       |     2 ||     2
